 Dungeon Crawl Stone Soup version 0.22-a0-93-g6b88ebb (webtiles) character file.

402 mortelune the Chiller (level 6, -8/41 HPs)
             Began as a Barachi Ice Elementalist on Jan 24, 2018.
             Mangled by Soeti's ghost (14 damage)
             ... on level 4 of the Dungeon.
             The game lasted 00:16:57 (6096 turns).

mortelune the Chiller (Barachi Ice Elementalist)    Turns: 6096, Time: 00:16:58

Health: -8/41      AC:  2    Str: 10    XL:     6   Next: 85%
Magic:  4/12       EV: 12    Int: 17    God:
Gold:   173        SH:  0    Dex: 12    Spells: 3/13 levels left

rFire    + . .     SeeInvis +   d - +0 dagger
rCold    . . .     Gourm    .   (no shield)
rNeg     . . .     Faith    .   a - +0 robe
rPois    .         Spirit   .   f - +0 helmet
rElec    .         Reflect  .   c - -2 cloak (curse)
rCorr    .         Harm     .   (no gloves)
MR       .....                  (no boots)
Stlth    +.........             (no amulet)
HPRegen  0.13/turn              m - ring of see invisible
MPRegen  0.13/turn              e - ring of protection from fire

@: confused, slow
A: +LOS, swims, slowness 1, strong legs 1
a: Hop


You were on level 4 of the Dungeon.
You were not hungry.

You visited 1 branch of the dungeon, and saw 4 of its levels.

You collected 173 gold pieces.

Inventory:

Hand Weapons
 d - a +0 dagger (weapon)
Armour
 a - a +0 robe (worn)
 c - a cursed -2 cloak (worn)
 f - a +0 helmet (worn)
 o - a +0 buckler
Jewellery
 e - a ring of protection from fire (right hand)
 m - a ring of see invisible (left hand)
Scrolls
 i - a scroll of amnesia {unknown}
 n - 2 scrolls of identify
 p - a scroll of fear
 q - a scroll of blinking
Potions
 h - 3 potions of heal wounds
 j - a potion of lignification
 l - 2 potions of agility
Books
 b - a book of Frost

   Spells                             Type                      Level
   a - Freeze                         Ice                          1
   b - Throw Frost                    Conjuration/Ice              2
   c - Ozocubu's Armour               Charms/Ice                   3
   d - Throw Icicle                   Conjuration/Ice              4
   e - Summon Ice Beast               Ice/Summoning                4
Comestibles
 g - 11 chunks of flesh
 k - 3 rations


   Skills:
 - Level 2.1 Dodging
 - Level 1.7 Stealth
 + Level 4.1 Spellcasting
 * Level 5.1 Conjurations
 + Level 5.5 Ice Magic


You had 3 spell levels left.
You knew the following spells:

 Your Spells              Type           Power        Failure   Level  Hunger
a - Freeze                Ice            ###.         1%          1    None
b - Throw Frost           Conj/Ice       ###...       2%          2    ##.....
c - Summon Ice Beast      Ice/Summ       ##......     45%         4    ####...
z - Ozocubu's Armour      Chrm/Ice       ##......     16%         3    ###....


Dungeon Overview and Level Annotations

Branches:
Dungeon (4/15)
 Temple: D:4-7

Altars:
Ashenzari
Nemelex Xobeh
Qazlal

Annotations:
D:4 Soeti's ghost, amateur OpEn


Innate Abilities, Weirdness & Mutations

Shadows flee at your approach. (+LOS)
You can swim through water.
You cover ground slowly.
You can hop short distances.


Message History

Casting: Freeze
Confirm with . or Enter, or press ? or * to list all spells.
Aiming: Freeze
Press: ? - help, Shift-Dir - straight line, f/p - Soeti's ghost
Aim: Soeti's ghost, wielding a weapon of electrocution (severely damaged)
You freeze Soeti's ghost.
Soeti's ghost is almost destroyed.
Soeti's ghost stares at you and mumbles some strange words.
You are confused.
You're too confused to cast spells.
Unknown command.
You bump into the rock wall.
Soeti's ghost hits you.
You are electrocuted!
You bump into the rock wall.
Soeti's ghost casts a spell at you.
You fall asleep.
Soeti's ghost closely misses you. Soeti's ghost hits you!
You wake up.
* * * LOW HITPOINT WARNING * * *
You are electrocuted!
You die...

.....# .....# .....# ##
.....# ... ..)..# ....
.....# ..... ######
......
.......##################
......sW@................
.$.....##################
###### ###########
#.........# #.........#
#.........# ######
#.........#


You could see Soeti's ghost and a giant cockroach.

Vanquished Creatures
  An ogre (D:4)
  2 orc wizards (D:3)
  A bullfrog skeleton (D:4)
  3 worker ants (D:4)
  Robin (D:2)
  2 adders
  An ooze (D:1)
  3 dart slugs
  2 worms
  2 leopard geckos
  9 orcs
  3 giant cockroaches
  14 goblins
  7 hobgoblins
  15 jackals
  3 quokkas
  2 ball pythons (D:1)
  6 bats
  7 frilled lizards
  7 kobolds
  10 rats
101 creatures vanquished.

Vanquished Creatures (others)
  An orc wizard (D:3)
1 creature vanquished.

Grand Total: 102 creatures vanquished

Notes
Turn   | Place    | Note
-------+----------+-------------------------------------------
     0 | D:1      | mortelune the Barachi Ice Elementalist began the quest for the Orb.
     0 | D:1      | Reached XP level 1. HP: 13/13 MP: 3/3
   135 | D:1      | Reached XP level 2. HP: 14/19 MP: 0/5
   247 | D:1      | Learned a level 2 spell: Throw Frost
   468 | D:1      | Reached XP level 3. HP: 23/24 MP: 0/7
  1677 | D:2      | Learned a level 3 spell: Ozocubu's Armour
  1929 | D:2      | Reached XP level 4. HP: 30/30 MP: 1/8
  2788 | D:2      | Found a sparkling altar of Nemelex Xobeh.
  2822 | D:2      | Noticed Robin
  3222 | D:2      | Killed Robin
  3558 | D:3      | Found a stormy altar of Qazlal.
  4099 | D:3      | Reached XP level 5. HP: 16/35 MP: 1/10
  4733 | D:3      | Reached skill level 5 in Ice Magic
  4972 | D:3      | Learned a level 4 spell: Summon Ice Beast
  5081 | D:4      | Reached XP level 6. HP: 25/41 MP: 11/11
  5757 | D:4      | Found a shattered altar of Ashenzari.
  5767 | D:4      | Reached skill level 5 in Conjurations
  6085 | D:4      | Noticed Soeti's ghost (amateur OpEn)
  6096 | D:4      | Mangled by Soeti's ghost

Vault maps used:
D:1:      eino_arrival_druids_welcome, hangedman_decor_growths
D:2:      first_ration, minmay_misc_feat_encased, nemelex_spade_bored_becter,
          uniq_robin
D:3:      lemuel_doored_altar, serial_bayou_crossing
D:4:      lemuel_crystal_altar, old_standard_altar

Skill      XL: |  1  2  3  4  5  6 |
---------------+-------------------+-----
Ice Magic      | 4 5 |  5.5
Conjurations   | 2 3 4 5 |  5.1
Spellcasting   | 3 4 |  4.1
Dodging        | |  2.1
Stealth        | |  1.7

Action                   |  1- 3 |  4- 6 || total
-------------------------+-------+-------++-------
Melee: Unarmed           |     1 |       ||     1
       Dagger            |    12 |    46 ||    58
 Cast: Freeze            |    43 |    62 ||   105
       Throw Frost       |    23 |    56 ||    79
       Ozocubu's Armour  |       |     7 ||     7
 Abil: Hop               |     2 |     2 ||     4
  Use: Scroll            |       |     8 ||     8
  Eat: Chunk             |     5 |    14 ||    19
       Ration            |       |     1 ||     1
Armor: Robe              |    15 |    15 ||    30
Dodge: Dodged            |    38 |    77 ||   115

Table legend:
 A = Spawn XP
 B = Non-spawn XP
 C = Spawn XP percentage of total XP
 D = Spawn monster count
 E = Non-spawn monster count
 F = Spawn count percentage of total count
 G = Total turns spent on level
                    A         B        C        D         E        F      G
               +---------+---------+-------+---------+---------+-------+---------
         Total |       0 |     575 |   0.0 |       0 |     102 |   0.0 |  6096
               +---------+---------+-------+---------+---------+-------+---------
           D:1 |       0 |      68 |   0.0 |       0 |      36 |   0.0 |  1930
           D:2 |       0 |      74 |   0.0 |       0 |      35 |   0.0 |  1577
           D:3 |       0 |     146 |   0.0 |       0 |      16 |   0.0 |  1484
           D:4 |       0 |     287 |   0.0 |       0 |      15 |   0.0 |  1105
               +---------+---------+-------+---------+---------+-------+---------
